[Event "*** Titled Tuesday Blitz"]
[Site "Chess.com"]
[Date "2020.05.19"]
[Round "1"]
[White "ahappypawn"]
[Black "manitodeplomo"]
[Result "0-1"]
[WhiteElo "2319"]
[BlackElo "2615"]
[TimeControl "180+1"]
[EndTime "12:05:41 PDT"]
[Termination "manitodeplomo won by resignation"]

1. d4 c5 2. d5 g6 3. c4 Bg7 4. Nc3 Bxc3+ 5. bxc3 f5 6. e4 fxe4 7. Ne2 Nf6 8. Ng3 d6 9. h4 Bf5 10. Bg5 Nbd7 11. Be2 Qa5 12. Nxf5 gxf5 13. Bh5+ Kd8 14.
Bd2 Ne5 15. Be2 Kd7 16. Rb1 b6 17. Qc2 Rag8 18. g3 Qa6 19. Rb5 h5 20. a4 Kc7 21.
Kd1 Nfg4 22. Rf1 Qc8 23. Bg5 Qd7 24. a5 Rb8 25. Qa4 a6 26. axb6+ Rxb6 27. Qa5 axb5 28. Qa7+ Rb7 29. Qa5+ Kb8 30. cxb5 Qc7 31. Qa4 Qb6 32. Kc2 Ra7 0-1

[Event "*** Titled Tuesday Blitz"]
[Site "Chess.com"]
[Date "2020.05.19"]
[Round "1"]
[White "Gentle_Emperor"]
[Black "Rozum_Ivan"]
[Result "0-1"]
[WhiteElo "2297"]
[BlackElo "2593"]
[TimeControl "180+1"]
[EndTime "12:05:41 PDT"]
[Termination "Rozum_Ivan won by resignation"]

1. d4 Nf6 2. Bf4 b6 3. e3 Bb7 4. Nf3 e6 5. Nbd2 Bd6 6. Bxd6 cxd6 7. c4 O-O 8. Bd3 d5 9. O-O dxc4 10. Bxc4 Nc6 11. a3 Rc8 12. Rc1 Rc7 13. Qe2 Qa8 14. b4 Rfc8 15. Bd3 Nxd4 16. exd4 Rxc1 17. h3 Rxf1+ 18.
Qxf1 Rc3 19. a4 Qc8 20. Qe2 Rc1+ 21. Kh2 Qc7+ 22. g3 h6 23. Nc4 Rxc4 24. Bxc4 Bxf3 25. Qa2 Qd6 26. Qd2 Qc6 27. Bf1 Qxa4 28. Qf4 Qd1 29. Bg2 Bxg2 30. Kxg2 Qa4 31. Qd6 Qc6+ 0-1

[Event "*** Titled Tuesday Blitz"]
[Site "Chess.com"]
[Date "2020.05.19"]
[Round "1"]
[White "FGHSMN"]
[Black "Nayemhaque22"]
[Result "1-0"]
[WhiteElo "2511"]
[BlackElo "2159"]
[TimeControl "180+1"]
[EndTime "12:05:41 PDT"]
[Termination "FGHSMN won by resignation"]

1. e4 c5 2. f3 e5 3. Nc3 Nf6 4. Bc4 Be7 5. Nge2 O-O 6. O-O d6 7. d3 a6 8. a4 Nc6 9. Bg5 Rb8 10. Bxf6 Bxf6 11. Nd5 Be6 12. c3 b5 13. axb5 axb5 14. Bb3 Bg5 15. f4 exf4 16. Nexf4 Bxf4 17. Nxf4 Bxb3 18. Qxb3 c4 19. dxc4 bxc4 20. Qxc4 Qb6+ 21. Rf2 Ne5 22. Qe2 Qc5 23. Kh1 Ng4 24. Rf3 h5 25. Nd5 Rfe8 26. Rf5 Qc8 27. Raf1 Rb7 28. Rxh5 Qe6 29. Rg5 Qxe4 30.
Qxg4 Qxg4 31. Rxg4 Re5 32. Nb4 1-0

[Event "*** Titled Tuesday Blitz"]
[Site "Chess.com"]
[Date "2020.05.19"]
[Round "1"]
[White "miruna_daria28"]
[Black "Chessialist"]
[Result "0-1"]
[WhiteElo "2248"]
[BlackElo "2555"]
[TimeControl "180+1"]
[EndTime "12:05:42 PDT"]
[Termination "Chessialist won on time"]

1. e4 c5 2. Nf3 e6 3. d4 cxd4 4.
Nxd4 a6 5. Bd3 Qc7 6. O-O Nf6 7. Nd2 h5 8. a4 Ng4 9. N2f3 Bc5 10. Nb3 Ba7 11.
h3 Nc6 12. Qe2 Qg3 13. Be3 Bxe3 14. fxe3 Nge5 15. Nbd4 d6 16. Nxc6 Nxc6 17. c3 Bd7 18. b4 Ne5 19. Nxe5 Qxe5 20. c4 Rh6 21. b5 a5 22. Rac1 b6 0-1

[Event "*** Titled Tuesday Blitz"]
[Site "Chess.com"]
[Date "2020.05.19"]
[Round "1"]
[White "TheFireChess"]
[Black "GHANDEEVAM2003"]
[Result "0-1"]
[WhiteElo "2450"]
[BlackElo "2910"]
[TimeControl "180+1"]
[EndTime "12:05:43 PDT"]
[Termination "GHANDEEVAM2003 won by resignation"]

1. e4 e6 2. Nc3 d5 3. d3 Nf6 4. e5 Nfd7 5. f4 c5 6. Nf3 Nc6 7. g3 b5 8. Bg2 b4 9. Ne2 a5 10.
O-O a4 11. f5 Ndxe5 12. Nxe5 Nxe5 13. fxe6 fxe6 14. Nf4 Bd6 15. Qh5+ g6 16. Qe2 O-O 17. Bd2 Ra7 18. Rae1 Raf7 19. Bh3 Qe8 20. Kg2 g5 21. Nh5 Nf3 22. Rd1 e5 23. Bxc8 Qxc8 24. h3 Qe6 25. Bc1 g4 26. Nf4 gxh3+ 27. Nxh3 Qg4 28. Rxf3 Rxf3 29.
Qe1 e4 30. dxe4 Rxg3+ 0-1

[Event "*** Titled Tuesday Blitz"]
[Site "Chess.com"]
[Date "2020.05.19"]
[Round "1"]
[White "nitpicker"]
[Black "Harry_Rakkel"]
[Result "0-1"]
[WhiteElo "2297"]
[BlackElo "2594"]
[TimeControl "180+1"]
[EndTime "12:05:43 PDT"]
[Termination "Harry_Rakkel won on time"]

1. d4 Nf6 2. c4 e6 3. g3 d5 4. Nf3 Bb4+ 5. Bd2 Be7 6. Qc2 O-O 7. Bg2 Nbd7 8. O-O c6 9. Rd1 a5 10. Bf4 b5 11. cxb5 cxb5 12. Nc3 Ba6 13. a4 b4 14.
Nb5 Bxb5 15. axb5 Qb6 16. Qc6 Rfc8 17. Qxb6 Nxb6 18. Ne5 a4 19. Nc6 Bf8 20. Bd2 b3 21. Rab1 Nc4 22. Bc3 Nd6 23. Bb4 Nxb5 24. Ne7+ Bxe7 25.
Bxe7 Rc2 26. e3 a3 27. bxa3 Nc3 28. Bb4 Nxd1 29. Rxd1 b2 0-1

[Event "*** Titled Tuesday Blitz"]
[Site "Chess.com"]
[Date "2020.05.19"]
[Round "1"]
[White "GMartin_Petrov"]
[Black "Cambek64"]
[Result "1-0"]
[WhiteElo "2620"]
[BlackElo "2324"]
[TimeControl "180+1"]
[EndTime "12:05:45 PDT"]
[Termination "GMartin_Petrov won by resignation"]

1. e4 e6 2. d4 d5 3. Nd2 Nf6 4. e5 Nfd7 5. Bd3 b6 6. f4 g6 7.
Ne2 Ba6 8. Nf3 Bxd3 9. Qxd3 Bg7 10. g4 O-O 11. f5 exf5 12. gxf5 c5 13. f6 Bh8 14. c3 Re8 15. Bd2 Nc6 16. O-O-O c4 17.
Qc2 b5 18. h4 h5 19. Nf4 Nf8 20. Nxh5 a5 21. Nf4 b4 22. h5 bxc3 23. Bxc3 Bxf6 24.
hxg6 Bg5 25. gxf7+ Kxf7 26. Qf5+ 1-0

[Event "*** Titled Tuesday Blitz"]
[Site "Chess.com"]
[Date "2020.05.19"]
[Round "1"]
[White "LimeInTheCoconut"]
[Black "cukin84"]
[Result "1-0"]
[WhiteElo "2505"]
[BlackElo "2129"]
[TimeControl "180+1"]
[EndTime "12:05:45 PDT"]
[Termination "LimeInTheCoconut won by resignation"]

1. d4 f5 2. c4 Nf6 3. Nf3 g6 4.
g3 Bg7 5. Bg2 d6 6. O-O O-O 7.
b3 Nc6 8. Bb2 Qe8 9. Nbd2 e5 10.
dxe5 Nxe5 11. Qc2 Nc6 12. Rfe1 h6 13. a3 Qf7 14. b4 Bd7 15. Nd4 Rae8 16. e3 Nd8 17. b5 b6 18. a4 Ne6 19. Nxe6 Bxe6 20. Rac1 Ng4 21. Bxg7 Qxg7 22. Bc6 Re7 23. Nf3 g5 24.
Nd4 Bc8 25. Bd5+ Kh8 26. Nc6 Re5 27. Nxe5 dxe5 28. c5 f4 29. cxb6 fxg3 30. fxg3 Rf2 31. Qxc7 Bd7 32. Qb8+ Rf8 33. bxa7 Nf2 34. a8=Q Nh3+ 35.
Kg2 Be8 36. Qxe8 Rxe8 37. Qxe8+ Kh7 38. Be4+ 1-0

[Event "*** Titled Tuesday Blitz"]
[Site "Chess.com"]
[Date "2020.05.19"]
[Round "1"]
[White "Bulldog167"]
[Black "marianokar"]
[Result "1-0"]
[WhiteElo "2795"]
[BlackElo "2413"]
[TimeControl "180+1"]
[EndTime "12:05:46 PDT"]
[Termination "Bulldog167 won by resignation"]

1. d4 Nf6 2. c4 e6 3. Nf3 d5 4.
Nc3 Be7 5. Bg5 O-O 6. e3 h6 7. Bxf6 Bxf6 8. Rc1 c6 9. h4 Nd7 10. g4 g6 11. g5 hxg5 12. hxg5 Bxg5 13. Nxg5 Qxg5 14. f4 Qf6 15. Rc2 Re8 16. Rch2 Kf8 17. Qb3 Ke7 18. Bd3 Nf8 19. Rh8 Kd8 20. Qb4 Qe7 21. Qa4 Bd7 22. c5 Kc7 23. b4 f6 24.
b5 e5 25. fxe5 fxe5 26. Kd2 exd4 27. exd4 Qe3+ 28. Kc2 Qf2+ 29. Kb3 Qd2 30. Qa5+ b6 31. Nxd5+ cxd5 32. Qxd2 1-0

[Event "*** Titled Tuesday Blitz"]
[Site "Chess.com"]
[Date "2020.05.19"]
[Round "1"]
[White "dougie47"]
[Black "GregShahade"]
[Result "0-1"]
[WhiteElo "2151"]
[BlackElo "2507"]
[TimeControl "180+1"]
[EndTime "12:05:46 PDT"]
[Termination "GregShahade won by resignation"]

1. Nf3 c5 2. e3 g6 3. d4 Bg7 4. d5 Nf6 5. c4 O-O 6. Nc3 d6 7. Be2 e6 8. O-O exd5 9. cxd5 Bg4 10. h3 Bxf3 11. Bxf3 Na6 12. Rb1 Nc7 13. a4 a6 14.
Qd3 Nd7 15. Be2 Rb8 16. b4 cxb4 17. Rxb4 Bxc3 18. Qxc3 Nxd5 19. Qb3 Nxb4 20. Qxb4 Qb6 21. Qd2 Rbc8 22. Bb2 Rfe8 23. Bd4 Qc6 24. Bf3 Qxa4 25. Bxb7 Rc2 26. Qd3 Nc5 27. Bxc5 Rxc5 28. Bxa6 Qc6 29.
Qe2 Rb8 30. Bd3 Rc1 31. Rxc1 Qxc1+ 32. Kh2 Qc3 33. Be4 Qe5+ 0-1

[Event "*** Titled Tuesday Blitz"]
[Site "Chess.com"]
[Date "2020.05.19"]
[Round "1"]
[White "AndrewMaco"]
[Black "PawnEatingZombie"]
[Result "1-0"]
[WhiteElo "2556"]
[BlackElo "2250"]
[TimeControl "180+1"]
[EndTime "12:05:47 PDT"]
[Termination "AndrewMaco won by resignation"]

1. e4 c6 2. d4 d5 3. e5 Bf5 4. Nf3 e6 5. Be2 Nd7 6. O-O h6 7. Nbd2 Ne7 8. a4 Bh7 9. a5 Rc8 10. a6 b6 11. c4 dxc4 12. Nxc4 Nd5 13. b3 Be7 14. Ba3 c5 15. dxc5 Nxc5 16. Nd6+ Bxd6 17. Bb5+ Ke7 18. exd6+ Qxd6 19. Qd4 f6 20. Bc4 Rhd8 21. Rfe1 Kf7 22. Rad1 Qe7 23. Qg4 Bf5 24. Qh4 Kg8 25. Nd4 Qd7 26. Nxf5 1-0

[Event "*** Titled Tuesday Blitz"]
[Site "Chess.com"]
[Date "2020.05.19"]
[Round "1"]
[White "GOGIEFF"]
[Black "keepitcool9499"]
[Result "1-0"]
[WhiteElo "2922"]
[BlackElo "2454"]
[TimeControl "180+1"]
[EndTime "12:05:49 PDT"]
[Termination "GOGIEFF won on time"]

1. d4 e6 2. c4 d5 3. Nc3 Nf6 4. cxd5 exd5 5. Bg5 Be7 6. e3 O-O 7. Bd3 c6 8. Qc2 Nbd7 9. Nf3 Re8 10. O-O h6 11. Bf4 Nf8 12. h3 Ne6 13. Bh2 Bd7 14. Ne5 b6 15. Rad1 c5 16. Nxd7 Qxd7 17. Bb5 Qb7 18.
Bxe8 Rxe8 19. dxc5 bxc5 20. Be5 Rd8 21. Qb3 Qxb3 22.
axb3 d4 23. exd4 cxd4 24. Nb5 Rd5 25. Nxd4 Rxe5 26. Nc6 Rb5 27. Nxe7+ Kf8 28. Nc6 Rxb3 29. Rd2 a6 30. Rfd1 g5 31. Rc2 Kg7 32. Nd4 Nxd4 33. Rxd4 Rb6 34. g3 Nh5 35. Kg2 Nf6 36. Rcd2 a5 37.
Rc2 Ne8 38. Rd5 Nf6 39. Rxa5 1-0

[Event "*** Titled Tuesday Blitz"]
[Site "Chess.com"]
[Date "2020.05.19"]
[Round "1"]
[White "bakki78"]
[Black "MasterKroket"]
[Result "1-0"]
[WhiteElo "2745"]
[BlackElo "2397"]
[TimeControl "180+1"]
[EndTime "12:05:50 PDT"]
[Termination "bakki78 won by resignation"]

1. e4 c5 2. c3 Nf6 3. e5 Nd5 4.
Na3 Nc6 5. Nf3 g6 6. Qb3 Nc7 7. d4 cxd4 8. cxd4 d5 9. h3 Bg7 10. Be2 O-O 11. O-O Kh8 12. Nb5 Nxb5 13. Bxb5 f6 14. exf6 Bxf6 15. Bh6 Bg7 16. Bxg7+ Kxg7 17. Bxc6 bxc6 18. Ne5 Qd6 19. Qc3 Bb7 20. Rfe1 Rf4 21. Nd3 Rf6 22. Re3 Raf8 23. Rae1 R8f7 24. Qd2 Ba6 25. Ne5 Rf8 26. Ng4 R6f7 27. Re6 Qd7 28. f3 Bc8 29. Nh6 Qxe6 30. Rxe6 Bxe6 31. Nxf7 Rxf7 32.
Qa5 Bf5 33. Qxa7 e5 34. Qb8 e4 35. Qe5+ Kg8 36. g4 Bc8 37. fxe4 dxe4 38. Qxe4 Kf8 39.
Qe5 Ba6 40. a4 Bc4 41. Qc5+ 1-0

[Event "*** Titled Tuesday Blitz"]
[Site "Chess.com"]
[Date "2020.05.19"]
[Round "1"]
[White "BanjoKazooieN64"]
[Black "HanSchut"]
[Result "1-0"]
[WhiteElo "2537"]
[BlackElo "2218"]
[TimeControl "180+1"]
[EndTime "12:05:50 PDT"]
[Termination "BanjoKazooieN64 won by resignation"]

1. e4 c5 2. d4 cxd4 3. c3 g6 4.
cxd4 d5 5. e5 Nc6 6. h4 Nh6 7. h5 Bg7 8. Nc3 Bg4 9. Be2 Be6 10.
Bf4 Nf5 11. h6 Bf8 12. Nf3 Qb6 13. Be3 Nxe3 14. fxe3 f6 15. Na4 Qa5+ 16. Kf2 fxe5 17. Nc5 Bc8 18. b4 Qc7 19. b5 e4 20. bxc6 exf3 21.
cxb7 Bxb7 22. Bb5+ Bc6 23. Bxc6+ Qxc6 24. Rc1 fxg2 25.
Kxg2 e5 26. Nd3 Qf6 27. Qa4+ Kf7 28. Nxe5+ Kg8 29. Qc6 Rd8 30. Qxf6 1-0

[Event "*** Titled Tuesday Blitz"]
[Site "Chess.com"]
[Date "2020.05.19"]
[Round "1"]
[White "yarosavich"]
[Black "SharapovEvgeny"]
[Result "1-0"]
[WhiteElo "2698"]
[BlackElo "2367"]
[TimeControl "180+1"]
[EndTime "12:05:52 PDT"]
[Termination "yarosavich won by resignation"]

1. d4 d5 2. c4 c6 3. cxd5 cxd5 4. Nf3 Nf6 5. Nc3 Nc6 6. Bf4 a6 7. Rc1 Nh5 8. Be5 f6 9. Bg3 Nxg3 10. hxg3 e5 11.
e3 e4 12. Nd2 Be6 13. Ndxe4 dxe4 14. d5 Bd7 15. dxc6 Bxc6 16. Qg4 Qd7 17. Qxd7+ Kxd7 18. Bc4 Bb4 19. Ke2 Bxc3 20. Rxc3 h6 21. Rd1+ Ke7 22. Bd5 Rac8 23. Bxc6 Rxc6 24. Rxc6 bxc6 25. Rd4 f5 26. Ra4 Rb8 27. b3 Rb6 28. Ra5 g6 29. Kd2 Kd6 30. Kc3 h5 31. b4 Kc7 32. a3 Kd6 33. Kc4 Kc7 34. a4 Kd6 35. f3 exf3 36. gxf3 Kc7 37. e4 fxe4 38. fxe4 Kd6 39. Rg5 Ke6 40. Rxg6+ Ke5 41.
Rg5+ Kxe4 42. Rxh5 Kf3 43. Rg5 Rb8 44. Rg6 Rc8 45. Kc5 a5 46. bxa5 Ra8 47. Kb6 c5 48. a6 c4 49. Rc6 1-0

[Event "*** Titled Tuesday Blitz"]
[Site "Chess.com"]
[Date "2020.05.19"]
[Round "1"]
[White "Szczor"]
[Black "Aleksandar-Topalov"]
[Result "1-0"]
[WhiteElo "2637"]
[BlackElo "2338"]
[TimeControl "180+1"]
[EndTime "12:05:52 PDT"]
[Termination "Szczor won by resignation"]

1. e4 e6 2. d4 d5 3. Nc3 Bb4 4. e5 Qd7 5. f4 h5 6. Nf3 g6 7. Be3 b6 8. a4 Ba6 9. Bxa6 Nxa6 10.
Qd3 Nb8 11. O-O Nh6 12. Nh4 Nc6 13. Nb5 Be7 14. Nf3 Nf5 15. Bf2 a6 16. Na3 Nb4 17. Qb3 c5 18. c4 cxd4 19. Rfd1 O-O 20. Nxd4 Nxd4 21. Bxd4 Rab8 22. Bc3 a5 23. Bxb4 axb4 24. Nb5 Rfd8 25. cxd5 exd5 26. Rac1 Bc5+ 27. Kh1 Qg4 28. Qg3 Qf5 29. Nd4 Qe4 30. Nc6 Be3 31. Re1 Bxf4 32.
Rxe4 Bxg3 33. Rxb4 Bf4 34. Rxf4 1-0

[Event "*** Titled Tuesday Blitz"]
[Site "Chess.com"]
[Date "2020.05.19"]
[Round "1"]
[White "Novoselski"]
[Black "Mr_Sinigami"]
[Result "1-0"]
[WhiteElo "2329"]
[BlackElo "2590"]
[TimeControl "180+1"]
[EndTime "12:05:52 PDT"]
[Termination "Novoselski won by checkmate"]

1. e4 c5 2. Nf3 Nc6 3. Nc3 e5 4.
Bc4 g6 5. d3 h6 6. h4 Bg7 7. h5 g5 8. Ng1 Nge7 9. Nge2 O-O 10. g4 d6 11. Ng3 a6 12. a3 b5 13. Ba2 Nd4 14. Nf5 Be6 15. Be3 b4 16. axb4 cxb4 17. Bxd4 exd4 18. Ne2 Nc6 19. Bd5 Bxd5 20.
exd5 Ne7 21. Nexd4 Nxd5 22. Nxg7 Kxg7 23. Nf5+ Kh7 24.
Qf3 Nf6 25. O-O Re8 26. Rfe1 a5 27. Rxe8 Nxe8 28. Ne3 Ra7 29. Qe4+ Kg8 30. Nf5 d5 31. Nxh6+ Kg7 32. Qd4+ Kh7 33. Qxa7 Kxh6 34. Qxf7 Ng7 35. Qg6# 1-0

[Event "*** Titled Tuesday Blitz"]
[Site "Chess.com"]
[Date "2020.05.19"]
[Round "1"]
[White "Jenia84"]
[Black "m_ezat"]
[Result "0-1"]
[WhiteElo "2227"]
[BlackElo "2544"]
[TimeControl "180+1"]
[EndTime "12:05:52 PDT"]
[Termination "m_ezat won by resignation"]

1. Nf3 Nf6 2. c4 g6 3. Nc3 Bg7 4.
e4 O-O 5. e5 Ne8 6. d4 d6 7. Bf4 Bg4 8. Be2 Nc6 9. O-O e6 10. h3 Bxf3 11. Bxf3 dxe5 12. dxe5 Qh4 13. Bxc6 Qxf4 14. Bxb7 Rb8 15. Qf3 Qxc4 16. Rac1 Qb4 17.
Bc6 Bxe5 18. Ne4 Nd6 19. Nf6+ Bxf6 20. Qxf6 Qxb2 21. Qe7 Nf5 22. Qxc7 Rfc8 23. Qxa7 Nd4 24. Rb1 Nxc6 25. Qd7 Qd4 26. Qxd4 0-1

[Event "*** Titled Tuesday Blitz"]
[Site "Chess.com"]
[Date "2020.05.19"]
[Round "1"]
[White "IriBu"]
[Black "chesslh19"]
[Result "1-0"]
[WhiteElo "2519"]
[BlackElo "2191"]
[TimeControl "180+1"]
[EndTime "12:05:52 PDT"]
[Termination "IriBu won by checkmate"]

1. e4 c5 2. Nf3 d6 3. d4 cxd4 4. Nxd4 Nf6 5. Nc3 e6 6. Be3 a6 7. g4 e5 8. Nf5 g6 9. Bg5 gxf5 10. Nd5 Nbd7 11. exf5 Qa5+ 12. Nc3 Ne4 13. Bd2 Nxd2 14. Qxd2 h5 15. g5 Nc5 16. Bh3 Bd7 17. a3 Bc6 18. Rg1 Ne4 19. Nxe4 Qxd2+ 20. Nxd2 O-O-O 21. g6 Rg8 22. O-O-O Kc7 23. gxf7 Rh8 24. f6 Bh6 25. Kb1 Bd7 26.
Bxd7 Kxd7 27. Ne4 Ke6 28. c4 d5 29. Nc5+ Kxf7 30. cxd5 Kxf6 31. Nxb7 Rb8 32. Nc5 Bf4 33. h3 Rbc8 34. Nxa6 h4 35. d6 Ke6 36. b4 Kd7 37. Nc5+ Kc6 38. d7 Rcd8 39. Rg6+ Kb5 40. Kb2 Rh6 41.
Rdd6 Rxg6 42. Rxg6 e4 43. Kb3 Be5 44. a4# 1-0

[Event "*** Titled Tuesday Blitz"]
[Site "Chess.com"]
[Date "2020.05.19"]
[Round "1"]
[White "louis198"]
[Black "Klavdia_Nik"]
[Result "1-0"]
[WhiteElo "2487"]
[BlackElo "2036"]
[TimeControl "180+1"]
[EndTime "12:05:54 PDT"]
[Termination "louis198 won on time"]

1. d4 Nf6 2. Bf4 c5 3. e3 b6 4. h3 Bb7 5. Nf3 g6 6. a4 Nc6 7.
Nbd2 Bg7 8. c3 O-O 9. Bd3 d5 10. O-O Re8 11. Bh2 Rc8 12. Ne5 Nd7 13. f4 f6 14. Nxc6 Bxc6 15. f5 gxf5 16. Bxf5 e6 17. Bc2 f5 18. Nf3 Qf6 19. Bf4 Bh6 20. Qe1 Kh8 21. Ne5 Bxf4 22. exf4 Nxe5 23. fxe5 Qg7 24.
Qh4 Rg8 25. Rf2 Qg5 26. Qxg5 Rxg5 27. a5 b5 28. dxc5 1-0

[Event "*** Titled Tuesday Blitz"]
[Site "Chess.com"]
[Date "2020.05.19"]
[Round "1"]
[White "Rsnr"]
[Black "pastouche06"]
[Result "1-0"]
[WhiteElo "2849"]
[BlackElo "2435"]
[TimeControl "180+1"]
[EndTime "12:05:55 PDT"]
[Termination "Rsnr won by checkmate"]

1. d4 Nf6 2. c4 e6 3. Nf3 d5 4.
g3 dxc4 5. Bg2 Bd7 6. Ne5 Bc6 7.
Nxc6 Nxc6 8. O-O Qd7 9. e3 Rd8 10.
Qc2 e5 11. Qxc4 exd4 12. Qb5 Nb4 13. Qxb7 c5 14. Qxd7+ Kxd7 15. Na3 Kc8 16. exd4 cxd4 17. Bg5 h6 18. Rac1+ Kb8 19. Bf4+ Bd6 20. Rc4 Nd3 21. Bd2 Nxb2 22. Rb1 Bxa3 23. Bf4+ Bd6 24. Rxb2# 1-0

[Event "*** Titled Tuesday Blitz"]
[Site "Chess.com"]
[Date "2020.05.19"]
[Round "1"]
[White "BernardoRoselli"]
[Black "Hikaru"]
[Result "0-1"]
[WhiteElo "2462"]
[BlackElo "3187"]
[TimeControl "180+1"]
[EndTime "12:05:57 PDT"]
[Termination "Hikaru won by resignation"]

1. d4 Nf6 2. c4 e6 3. Nf3 d5 4. Nc3 Be7 5. Bg5 h6 6. Bh4 O-O 7. e3 Ne4 8. Bxe7 Qxe7 9. Rc1 c6 10. Bd3 f5 11. O-O Nd7 12. b4 Qxb4 13. Bxe4 fxe4 14. Nd2 b6 15. f3 exf3 16. Rxf3 Ba6 17. Qb3 Qxb3 18.
axb3 Bb7 19. e4 Nf6 20. exd5 cxd5 21. cxd5 Nxd5 22. Nxd5 Bxd5 23. Rfc3 Rf4 24. Rd3 a5 25. Rc7 b5 26. Rc5 a4 27. bxa4 bxa4 28. Nb1 Be4 29. Rd1 Bxb1 30. Rxb1 Rxd4 31. Rc7 Rg4 32. Rbb7 Rd8 33.
h3 Rg5 34. Ra7 Rd4 35. g4 h5 36. Kf2 Rd3 37. gxh5 Rxh3 38. Rxa4 Rhxh5 39. Re7 Rf5+ 40. Kg3 Rhg5+ 41. Kh4 Rg6 42. Re4 Rff6 43. Ra4 Rf1 44. Kh5 Kh7 45. Rg4 Rh1+ 46. Rh4 Rh6+ 0-1

[Event "*** Titled Tuesday Blitz"]
[Site "Chess.com"]
[Date "2020.05.19"]
[Round "1"]
[White "VerdeNotte"]
[Black "angryhorse9"]
[Result "1-0"]
[WhiteElo "2819"]
[BlackElo "2424"]
[TimeControl "180+1"]
[EndTime "12:05:57 PDT"]
[Termination "VerdeNotte won by resignation"]

1. e4 c5 2. Nc3 Nc6 3. Bb5 Nd4 4.
Nf3 a6 5. Bd3 Nc6 6. O-O e6 7.
Be2 Nf6 8. d4 cxd4 9. Nxd4 Qc7 10. Be3 Bb4 11. Na4 O-O 12. c4 Be7 13. Nc3 d6 14. Rc1 Nb8 15. f4 Nbd7 16. Bf3 Rb8 17. g4 h6 18. h4 Ne8 19. g5 hxg5 20.
hxg5 b6 21. Kg2 Bb7 22. Rh1 g6 23. Qe1 Ng7 24. Qh4 Nh5 25. Bxh5 Kg7 26. Bxg6 Rh8 27. Bh7 1-0

[Event "*** Titled Tuesday Blitz"]
[Site "Chess.com"]
[Date "2020.05.19"]
[Round "1"]
[White "Olga_Girya"]
[Black "Infernal_XaM"]
[Result "0-1"]
[WhiteElo "2438"]
[BlackElo "2850"]
[TimeControl "180+1"]
[EndTime "12:05:58 PDT"]
[Termination "Infernal_XaM won by resignation"]

1. d4 d5 2. c4 Nf6 3. Nf3 Bf5 4.
Nc3 e6 5. cxd5 exd5 6. Qb3 Nc6 7. Bg5 Na5 8. Qd1 Be7 9. e3 O-O 10. Bd3 Bg4 11. h3 Bh5 12. O-O c6 13. Qc2 Bxf3 14.
gxf3 g6 15. Bh6 Re8 16. f4 Nc4 17. Kh2 Bf8 18. Bxf8 Kxf8 19. Bxc4 dxc4 20. Rad1 Qd6 21. Qe2 b5 22. Qf3 Rad8 23. Rg1 a5 24. Rg5 h6 25.
Rc5 Rc8 26. Rg1 Nd7 27. Ne4 Rxe4 28. Qxe4 Nxc5 29. dxc5 Qd5 30. Rd1 Qxe4 0-1

[Event "*** Titled Tuesday Blitz"]
[Site "Chess.com"]
[Date "2020.05.19"]
[Round "1"]
[White "Agent-JL"]
[Black "bmt011"]
[Result "1-0"]
[WhiteElo "2487"]
[BlackElo "2041"]
[TimeControl "180+1"]
[EndTime "12:05:58 PDT"]
[Termination "Agent-JL won by resignation"]

1. b3 d5 2. Bb2 c5 3. e3 a6 4. Nf3 Nc6 5. d4 cxd4 6. exd4 Bg4 7. Nbd2 g6 8. Bd3 Bg7 9. O-O Nh6 10. h3 Bf5 11. Bxf5 Nxf5 12. c3 O-O 13. Re1 Rc8 14.
Nf1 e6 15. Qd2 Nd6 16. Ng3 h5 17. h4 f6 18. Rxe6 Kf7 19. Rae1 Ne4 20. Nxe4 Kxe6 21. Nc5+ Kf7 22. Nxb7 Qc7 23. Nc5 Rfe8 24. Nd3 Qa5 25. a4 Kg8 26. Nf4 Bh6 27. Rxe8+ Rxe8 28. Qd3 Bxf4 29.
Qxg6+ Kf8 30. Qxf6+ Kg8 31. Qxf4 Qd8 32. Qh6 Qe7 33. Ng5 Nd8 34. Qg6+ Kh8 35. Qxh5+ Kg7 36. Ba3 Rh8 37. Bxe7 Rxh5 38. Bxd8 Kg6 39. g4 Rxh4 40.
f3 Rh8 41. Ne6 Kf7 42. Ng5+ Kg6 43. Be7 Re8 44. Ne6 Rxe7 45. Nf4+ Kg5 46. Nxd5 Rd7 47. c4 Kh4 48. Kf2 Rb7 49. b4 Rb8 50. b5 axb5 51. axb5 Ra8 52. b6 Ra2+ 53. Ke3 Rb2 54.
c5 Kg3 55. c6 1-0

[Event "*** Titled Tuesday Blitz"]
[Site "Chess.com"]
[Date "2020.05.19"]
[Round "1"]
[White "Sibelephant"]
[Black "SARGISMV"]
[Result "1-0"]
[WhiteElo "3178"]
[BlackElo "2462"]
[TimeControl "180+1"]
[EndTime "12:05:59 PDT"]
[Termination "Sibelephant won by resignation"]

1. d4 Nf6 2. Nf3 c5 3. e3 b6 4. Bd3 Bb7 5. O-O g6 6. b3 Bg7 7. Bb2 O-O 8. Nbd2 d6 9. c4 Nbd7 10. Qe2 Rc8 11. d5 e5 12. dxe6 fxe6 13. Rad1 Qe7 14.
Ng5 d5 15. f4 Rce8 16. Ndf3 h6 17. Bxg6 hxg5 18. Bxe8 Nxe8 19. Nxg5 Bxb2 20. Qxb2 Ng7 21. Rf3 Qf6 22. Qc2 Qf5 23. e4 dxe4 24. Rxd7 exf3 25. Qxf5 Rxf5 26. Rxb7 fxg2 27. Kxg2 Rxf4 28. Rxg7+ Kh8 29. Nxe6 Re4 30. Re7 1-0

[Event "*** Titled Tuesday Blitz"]
[Site "Chess.com"]
[Date "2020.05.19"]
[Round "1"]
[White "Andrii_Prydun"]
[Black "tigra"]
[Result "0-1"]
[WhiteElo "2405"]
[BlackElo "2764"]
[TimeControl "180+1"]
[EndTime "12:05:59 PDT"]
[Termination "tigra won by resignation"]

1. d4 Nf6 2. Nc3 g6 3. Bf4 Bg7 4. Qd2 c5 5. e3 O-O 6. Nf3 b6 7. Be2 Bb7 8. O-O d6 9. Rad1 Nbd7 10. a3 a6 11. Bg3 b5 12. dxc5 Nxc5 13. Qc1 Rc8 14.
Nd4 Qb6 15. Bf3 h6 16. Bxb7 Qxb7 17. Nde2 Nce4 18. Nxe4 Qxe4 19. c3 Nd5 20. Qb1 Qxb1 21. Rxb1 Nb6 22. f3 Nc4 23. Rfe1 Nxe3 24. Bf2 Nc4 25. Bd4 e5 26. Bf2 d5 27. Red1 Rfd8 28.
Kf1 Rd7 29. Ke1 Bf8 30. Rd3 Bc5 31. Bg3 f6 32. Bh4 Kf7 33. Nc1 Ke6 34. Nb3 Bb6 35.
Nd2 Ne3 36. Bf2 Nxg2+ 37. Kf1 Nf4 0-1

[Event "*** Titled Tuesday Blitz"]
[Site "Chess.com"]
[Date "2020.05.19"]
[Round "1"]
[White "rogapa"]
[Black "doctorcristian"]
[Result "1-0"]
[WhiteElo "2689"]
[BlackElo "2364"]
[TimeControl "180+1"]
[EndTime "12:06:00 PDT"]
[Termination "rogapa won on time"]

1. e4 c6 2. d4 d5 3. e5 Bf5 4. Nf3 e6 5. Be2 Nd7 6. O-O h6 7. Nbd2 Ne7 8. Nb3 g5 9. Bd2 Bg7 10. Bb4 a5 11. Bd6 a4 12. Nc5 b6 13.
Nxd7 Qxd7 14. Ne1 Nc8 15. Ba3 c5 16. f4 gxf4 17. c3 Qc7 18. Rxf4 O-O 19. Rxf5 exf5 20.
Bd3 Ne7 21. Qh5 f6 22. e6 Qf4 23. Qe2 Rac8 24. Nf3 Rfe8 25. Bb5 Nc6 26. Bxa4 Qe4 27. Qf2 Rxe6 28. Re1 f4 29. Rxe4 dxe4 30. Bb3 1-0

[Event "*** Titled Tuesday Blitz"]
[Site "Chess.com"]
[Date "2020.05.19"]
[Round "1"]
[White "Konek-Gorbunok"]
[Black "lili_ani"]
[Result "0-1"]
[WhiteElo "2277"]
[BlackElo "2575"]
[TimeControl "180+1"]
[EndTime "12:06:00 PDT"]
[Termination "lili_ani won by resignation"]

1. d4 Nf6 2. Nf3 e6 3. g3 b5 4. a4 b4 5. c4 Bb7 6. Bg2 c5 7. dxc5 Na6 8. O-O Nxc5 9. Nbd2 Be7 10. Nb3 O-O 11. Bf4 d5 12. Nxc5 Bxc5 13. Ne5 Qe7 14. Bg5 Rfd8 15. Qc2 Rac8 16. Rad1 Bd6 17. Ng4 Rxc4 18.
Bxf6 Rxc2 19. Bxe7 Bxe7 20. b3 Rxe2 21. Rc1 Bd6 0-1

[Event "*** Titled Tuesday Blitz"]
[Site "Chess.com"]
[Date "2020.05.19"]
[Round "1"]
[White "IAgrest"]
[Black "antoszu"]
[Result "0-1"]
[WhiteElo "2244"]
[BlackElo "2553"]
[TimeControl "180+1"]
[EndTime "12:06:02 PDT"]
[Termination "antoszu won on time"]

1. e4 c5 2. Nf3 e6 3. d4 cxd4 4. Nxd4 a6 5. Bd3 Qc7 6. O-O Nf6 7. c4 d6 8. Nc3 g6 9. Be3 Bg7 10. Rc1 O-O 11. b3 Nbd7 12. Bb1 b6 13. f3 Bb7 14. Qd2 Rfe8 15. Rfd1 Rac8 16. Kh1 Qb8 17. a4 Nc5 18.
b4 Ncd7 19. Ba2 Ne5 20. Qf2 Nxc4 21. b5 Nxe3 22. Qxe3 a5 23. Nce2 Nd7 24. Rxc8 Rxc8 25. h3 Nc5 26. Qa3 d5 27. exd5 exd5 28. Nc3 Qe5 29.
Nce2 Bf8 30. Qc1 Ne4 31. Qe3 Ng3+ 0-1